 Dungeon Crawl Stone Soup version 0.30.1-4-g462c640d31 (webtiles) character file.

Game seed: 11619413853795098959

2146 booth the Changer (level 9, -4/79 HPs)
             Began as a Purple Draconian Transmuter on Aug 18, 2023.
             Was an Initiate of Gozag.
             Slain by a killer bee (6 damage)
             ... on level 8 of the Dungeon.
             The game lasted 00:52:28 (8294 turns).

booth the Changer (Purple Draconian Transmuter)     Turns: 8294, Time: 00:52:29

Health: -4/79      AC:  9    Str: 17    XL:     9   Next: 9%
Magic:  0/16       EV: 13    Int: 13    God:    Gozag
Gold:   288        SH:  0    Dex: 12    Spells: 12/18 levels left

rFire   . .          .
                       - Unarmed
rCold   . . .        (no shield)
rNeg    . . .        (body armour unavailable)
rPois   .            (helmet currently unavailable)
rElec   .            C - +0 cloak
rCorr   .            e - +0 pair of gloves
SInv    .            (boots currently unavailable)
Will    +....        g - amulet of guardian spirit
Stlth   +            r - ring of flight
HPRegen 0.33/turn    (no ring)
MPRegen 0.15/turn

%: guardian spirit
@: lethally poisoned (-4 -> -8), appendages, wereblooded, gold aura, flying
A: horns 2, talons 2, breathe power, AC +7, unfitting armour, cold-blooded,
robust 1, teleportitis 1
a: Breathe Dispelling Energy, End Transformation, Renounce Religion, Potion
Petition, Call Merchant, Bribe Branch


You were on level 8 of the Dungeon.
You worshipped Gozag.
Gozag was aware of your devotion.
You had temporarily grown beastly horns and talons.
You visited 2 branches of the dungeon, and saw 9 of its levels.

You collected 375 gold pieces.
You paid 87 gold pieces to Gozag.

Inventory:

Hand Weapons
 f - a +1 heavy hand axe
 i - a +1 mace of protection
 p - a +0 whip of holy wrath
 x - the +4 flail of Viump {spect, SInv}
   (You found it on level 6 of the Dungeon)

   SInv:      It lets you see invisible.
Missiles
 b - 26 poisoned darts (quivered)
 k - 2 boomerangs
 D - a throwing net
Armour
 e - a +0 pair of gloves (worn)
 s - a +0 buckler
 C - a +0 cloak (worn)
Jewellery
 g - an amulet of guardian spirit (around neck)
 r - a ring of flight (left hand)
 z - a ring of poison resistance
 A - a ring of resist corrosion
 E - an amulet of faith
Wands
 h - a wand of digging (5)
 y - a wand of flame (9)
Scrolls
 d - 2 scrolls of immolation
 n - 4 scrolls of teleportation
 t - a scroll of silence
 u - a scroll of butterflies
 v - a scroll of fog
 w - a scroll of magic mapping
Potions
 a - 3 potions of lignification
 c - a potion of magic
 j - a potion of resistance
 l - 3 potions of berserk rage
 m - a potion of curing
 o - a potion of ambrosia
 q - a potion of attraction {unknown}


   Skills:
 + Level 4.6 Fighting
 + Level 3.0 Maces & Flails
 + Level 4.4 Dodging
 + Level 5.9 Unarmed Combat
 + Level 5.2 Spellcasting
 + Level 3.2 Hexes
 * Level 6.5 Transmutations


You had 12 spell levels left.
You knew the following spells:

 Your Spells              Type           Power      Damage    Failure   Level
a - Beastly Appendage     Tmut           40%        N/A       1%          1
b - Wereblood             Tmut           20%        N/A       1%          2
c - Spider Form           Tmut/Pois      11%        N/A       14%         3

Your spell library contained the following spells:

 Spells                   Type           Power      Damage    Failure   Level
 Lesser Beckoning         Tloc           6%         N/A       28%         2
 Ice Form                 Ice/Tmut       11%        N/A       43%         4
 Gell's Gravitas          Tloc           3%         N/A       50%         3
 Teleport Other           Tloc           3%         N/A       50%         3
 Ozocubu's Refrigeration  Ice            1%         4d7       100%        7
 Polar Vortex             Ice            1%         N/A       100%        9
 Simulacrum               Ice/Necr       Unusable   N/A       N/A         6

Dungeon Overview and Level Annotations

Branches:
Dungeon (8/15)             Temple (1/1) D:5
   Lair: D:8-11

Altars:
Ashenzari
Dithmenos
Elyvilon
Fedhas
Gozag
Makhleb
Nemelex Xobeh
Qazlal
Ru
Sif Muna
Uskayaw
Vehumet
Wu Jian
Xom
Yredelemnul
Zin
The Shining One

Shops:
D:2 [

Annotations:
D:4 exclusion: statue
D:8 1 runed translucent door


Innate Abilities, Weirdness & Mutations

You have temporarily grown beastly horns and talons.
You can breathe bolts of dispelling energy.
Your rich purple scales are hard. (AC +7)
You cannot fit into any form of body armour.
You are cold-blooded and may be slowed by cold attacks.
You are robust. (+10% HP)
You are occasionally teleported next to monsters.


Message History

The killer bee stings you.
* * * LOW HITPOINT WARNING * * *
You are more poisoned.
The killer bee poisons you! The killer bee misses you.
You feel better. The killer bee closely misses you.
The killer bee stings you but does no damage.
The killer bee completely misses you. The killer bee stings you.
* * * LOW HITPOINT WARNING * * *
You feel better. The killer bee closely misses you. x3
The killer bee barely misses you.
You hit the killer bee. You claw the killer bee.
The killer bee is almost dead.
The killer bee closely misses you.
The killer bee stings you but does no damage.
The killer bee closely misses you. The killer bee barely misses you.
You hit the killer bee.
You feel a bit better.
You kill the killer bee!
The killer bee stings you!
* * * LOW HITPOINT WARNING * * *
You are poisoned.
The killer bee poisons you!
You punch the killer bee!
The killer bee is almost dead.
You feel very sick. The killer bee barely misses you.
The killer bee stings you.
* * * LOW HITPOINT WARNING * * *
The killer bee closely misses you. x2
You miss the killer bee. Your kick misses the killer bee.
The killer bee is almost dead.
* * * LOW HITPOINT WARNING * * *
You feel sick. The killer bee stings you.
* * * LOW HITPOINT WARNING * * *
The killer bee stings you but does no damage.
Casting: Beastly Appendage (safe; 1% risk of failure)
Confirm with . or Enter, or press ? or * to list all spells.
You fail to extend your transformation any further.
* * * LOW HITPOINT WARNING * * *
You feel sick. The killer bee stings you!
You die...
Your body crumbles into a pile of gold.

##..# $ #...## ##.#
#....# #.# # #....#
#.#### +# #....#
#...8#..#8........
#...+....+.....###
#...8####8....## #
########y............#
......$y@............#
.##########.#.....
.#.##.. .. # . .## .#


You could see 2 killer bees.

Vanquished Creatures
  Edmund (D:5)
  2 water moccasins
  A black bear (D:6)
  An orc warrior (D:7)
  A sky beast (D:7)
  An ogre (D:5)
  2 centaurs (D:7)
  A kobold brigand (D:7)
  A bullfrog (D:7)
  A scorpion (D:4)
  6 killer bees (D:8)
  A howler monkey (D:4)
  2 jellies
  6 hounds
  2 orc priests
  A gnoll bouda (D:5)
  Crazy Yiuf (D:5)
  2 sleepcaps
  An iguana (D:6)
  3 orc wizards
  8 adders
  9 gnolls (D:5)
  A white imp (D:6)
  3 ufetubi (D:5)
  3 dart slugs (D:1)
  18 orcs
  4 bats
  5 endoplasms
  5 giant cockroaches
  6 goblins
  5 hobgoblins
  14 kobolds
  4 quokkas
  9 ball pythons
  2 frilled lizards (D:1)
  6 rats
139 creatures vanquished.

Vanquished Creatures (others)
  A hound (D:7)
1 creature vanquished.

Grand Total: 140 creatures vanquished

Notes
Turn   | Place    | Note
-------+----------+-------------------------------------------
     0 | D:1      | booth the Draconian Transmuter began the quest for the Orb.
     0 | D:1      | Reached XP level 1. HP: 16/16 MP: 3/3
   130 | D:1      | Reached XP level 2. HP: 22/23 MP: 3/5
   259 | D:1      | Learned a level 2 spell: Wereblood
   432 | D:1      | Reached XP level 3. HP: 29/29 MP: 6/6
   436 | D:1      | Learned a level 3 spell: Spider Form
  1387 | D:2      | Found Ygeseatu's Armour Shoppe.
  1531 | D:2      | Reached XP level 4. HP: 34/36 MP: 7/7
  1942 | D:3      | Reached skill level 3 in Transmutations
  2105 | D:3      | Found a faded altar of an unknown god.
  2259 | D:3      | Found an ornate altar of the Wu Jian Council.
  2315 | D:3      | Found a basalt altar of Yredelemnul.
  2781 | D:4      | Found a radiant altar of Vehumet.
  3009 | D:4      | Noticed a scorpion
  3055 | D:4      | Killed a scorpion
  3056 | D:4      | Reached XP level 5. HP: 37/41 MP: 5/8
  3389 | D:4      | Noticed a frost-covered statue
  3462 | D:5      | Entered Level 5 of the Dungeon
  3466 | D:5      | Gained mutation: You occasionally lose the ability to read
                  | scrolls when taking damage. [potion of mutation]
  3466 | D:5      | Gained mutation: You are frail. (-10% HP) [potion of
                  | mutation]
  3466 | D:5      | Gained mutation: Your mind is acute. (Int +4, Str/Dex -1)
                  | [potion of mutation]
  3467 | D:5      | Lost mutation: Your mind is acute. (Int +4, Str/Dex -1)
                  | [potion of mutation]
  3467 | D:5      | Lost mutation: You occasionally lose the ability to read
                  | scrolls when taking damage. [potion of mutation]
  3467 | D:5      | Lost mutation: You are frail. (-10% HP) [potion of
                  | mutation]
  3467 | D:5      | Gained mutation: You are occasionally teleported next to
                  | monsters. [potion of mutation]
  3467 | D:5      | Gained mutation: You are robust. (+10% HP) [potion of
                  | mutation]
  3519 | D:5      | Found a staircase to the Ecumenical Temple.
  3531 | Temple   | Entered the Ecumenical Temple
  3860 | D:5      | Reached XP level 6. HP: 55/55 MP: 6/10
  3860 | D:5      | Noticed a water moccasin
  3874 | D:5      | Killed a water moccasin
  3875 | D:5      | Reached skill level 4 in Transmutations
  4160 | D:5      | Your scales start taking on a rich purple colour.
  4160 | D:5      | Reached XP level 7. HP: 62/62 MP: 9/12
  4510 | D:5      | Reached skill level 5 in Unarmed Combat
  4722 | D:5      | Found a runed translucent door.
  4723 | D:5      | Noticed Crazy Yiuf
  5118 | D:5      | Noticed Edmund
  5139 | D:5      | Killed Edmund
  5140 | D:5      | Reached skill level 1 in Maces & Flails
  5140 | D:5      | Reached skill level 1 in Hexes
  5777 | D:5      | Killed Crazy Yiuf
  5778 | D:5      | Reached skill level 5 in Transmutations
  6387 | D:6      | Reached XP level 8. HP: 68/72 MP: 12/14
  6416 | D:6      | Identified the +4 flail of Viump {spect, SInv}
  6468 | D:6      | Found a sparkling altar of Nemelex Xobeh.
  7539 | D:7      | Reached skill level 6 in Transmutations
  7595 | D:7      | Found an opulent altar of Gozag.
  7600 | D:7      | Became a worshipper of Gozag Ym Sagoz the Greedy
  7668 | D:7      | Found a blossoming altar of Fedhas.
  7701 | D:7      | Found a shadowy altar of Dithmenos.
  7851 | D:7      | Reached skill level 5 in Spellcasting
  8143 | D:8      | Reached XP level 9. HP: 64/79 MP: 12/16
  8235 | D:8      | Found a large runed translucent door.
  8287 | D:8      | HP: 3/79 [killer bee (2)]
  8294 | D:8      | HP: 2/79 [poisoned by a killer bee]
  8294 | D:8      | Slain by a killer bee

Illustrated notes

Levels and vault maps discovered:
D:1:      dpeg_arrival_arbitrary_b, layout_basic,
          nicolae_concentric_dashed_squares_mild, hangedman_decor_peaks_small,
          minmay_nonomino_d4
D:2:      layout_loops_ring, serial_shops, shop
D:3:      layout_rooms, marbit_many_paths,
          mainiacjoe_overflow_concentric_impassable,
          shapermc_ecumenical_altar_mp_ritualfount
D:4:      layout_gridville, vehumet_statue
D:5:      layout_basic, minmay_temple_entry_overgrown,
          amcnicky_mini_corridor_feature, uniq_edmund, uniq_crazy_yiuf_cottage
D:6:      layout_rooms, mainiacjoe_overflow_surrounded_room,
          serial_co_window_serial, co_window_paths_b, co_window_paths_b,
          co_window_corner_a, co_window_corner_a, co_window_corner_a,
          co_window_paths_c, co_window_2corner, co_window_broadway_a,
          co_window_2corner, co_window_cross_3, co_window_4corner_b,
          glass_columns_c, glass_columns_b, glass_columns_a
D:7:      layout_rooms, kennysheep_little_box, mainiacjoe_overflow_divided_tiny,
          hangedman_abyss_or_decor_jellyfish_corner, kennysheep_generic_room_9
D:8:      layout_loops_ring, jmf_multi_god_temple2, serial_shops, shop,
          nicolae_transporter_circle
Temple:   cyrus_temple_forest

Skill      XL: |  1  2  3  4  5  6  7  8  9 |
---------------+----------------------------+-----
Dodging        | 2 3 4 |  4.4
Fighting       | 2 3 4 |  4.6
Transmutations | 3 4 5 6 |  6.5
Unarmed Combat | 4 5 |  5.9
Spellcasting   | 3 4 5 |  5.2
Maces & Flails | 1 2 3 |  3.0
Hexes          | 1 3 |  3.2

Action                     |  1- 3 |  4- 6 |  7- 9 || total
---------------------------+-------+-------+-------++-------
  Melee: Unarmed           |   180 |    54 |   186 ||   420
         Kick              |     7 |    17 |    61 ||    85
         Tailslap          |    18 |    14 |    29 ||    61
         Headbutt          |     4 |    12 |    33 ||    49
         Punch             |     3 |     3 |    11 ||    17
         Mace              |       |    82 |    72 ||   154
  Throw: Dart              |     4 |       |       ||     4
   Cast: Beastly Appendage |    11 |    13 |    27 ||    51
         Wereblood         |       |     4 |     8 ||    12
         Spider Form       |       |       |     2 ||     2
    Use: Scroll            |     6 |     4 |     6 ||    16
         Potion            |     1 |     4 |     7 ||    12
 Armour: Skin              |    51 |    54 |   108 ||   213
  Dodge: Dodged            |   115 |   102 |   245 ||   462
